 Dungeon Crawl Stone Soup version 0.30-a0-553-g7fabdf1491 (webtiles) character file.

Game seed: 15351194061156534952

68 arthad the Insei (level 4, -1/34 HPs)
             Began as a Gnoll Transmuter on Dec 26, 2022.
             Slain by a gnoll
             ... wielding a +0 flail
              (10 damage)
             ... on level 2 of the Dungeon.
             The game lasted 00:02:52 (953 turns).

arthad the Insei (Gnoll Transmuter)                  Turns: 953, Time: 00:02:52

Health: -1/34      AC:  2    Str:  9    XL:     4   Next: 19%
Magic:  7/11       EV: 22    Int: 14    God:
Gold:   70         SH:  0    Dex: 18    Spells: 5/13 levels left

rFire   . . .      SeeInvis .      - Unarmed
rCold   . . .      Faith    .    (shield currently unavailable)
rNeg    . . .      Spirit   .    (body armour currently unavailable)
rPois   x          Reflect  .    (helmet currently unavailable)
rElec   .          Harm     .    (cloak currently unavailable)
rCorr   .          Rampage  .    (gloves currently unavailable)
Will    +....                    (boots currently unavailable)
Stlth   ++                       (no amulet)
HPRegen 0.25/turn                b - ring of flight
MPRegen 0.12/turn                (no ring)

@: spider-form (expiring), flying
A: venomous fangs, tiny, (fangs 1), strong nose, distributed training,
strong-willed 1, MP-powered wands
a: End Transformation


You were on level 2 of the Dungeon.
You were a venomous arachnid creature.
You visited 1 branch of the dungeon, and saw 2 of its levels.

You collected 70 gold pieces.

Inventory:

Armour
 a - a +0 robe (melded)
Jewellery
 b - a ring of flight (left front leg)
Scrolls
 d - 2 scrolls of teleportation {unknown}
 e - a scroll of amnesia {unknown}
 f - a scroll of torment {unknown}
Potions
 c - 2 potions of degeneration {unknown}


   Skills:
 + Level 2.7 Fighting
 + Level 1.1 Short Blades
 + Level 1.1 Long Blades
 + Level 1.1 Axes
 + Level 1.1 Maces & Flails
 + Level 1.1 Polearms
 + Level 1.1 Staves
 + Level 1.1 Ranged Weapons
 + Level 1.1 Throwing
 + Level 1.1 Armour
 + Level 4.6 Dodging
 + Level 1.1 Stealth
 + Level 1.1 Shields
 + Level 6.6 Unarmed Combat
 + Level 5.0 Spellcasting
 + Level 0.8 Conjurations
 + Level 0.8 Hexes
 + Level 0.8 Summonings
 + Level 0.8 Necromancy
 + Level 0.8 Translocations
 + Level 3.8 Transmutations
 + Level 0.8 Fire Magic
 + Level 0.8 Ice Magic
 + Level 0.8 Air Magic
 + Level 0.8 Earth Magic
 + Level 0.8 Poison Magic
 + Level 1.2 Invocations
 + Level 1.1 Evocations


You had 5 spell levels left.
You knew the following spells:

 Your Spells              Type           Power      Damage    Failure   Level
a - Beastly Appendage     Tmut           28%        N/A       12%         1
b - Wereblood             Tmut           14%        N/A       16%         2
c - Static Discharge      Conj/Air       12%        2-3/arc   38%         2
d - Spider Form           Tmut/Pois      10%        N/A       41%         3

Your spell library contained the following spells:

 Spells                   Type           Power      Damage    Failure   Level
 Vhi's Electric Charge    Tloc/Air       12%        N/A       58%         3
 Ice Form                 Ice/Tmut       10%        N/A       75%         4
 Arcjolt                  Conj/Air       3%         1d13      99%         5
 Lightning Bolt           Conj/Air       3%         1d14      99%         5


Dungeon Overview and Level Annotations

Branches:
Dungeon (2/15)

Altars:


Innate Abilities, Weirdness & Mutations

You are a venomous arachnid creature.
You have poisonous fangs.
You are tiny and dextrous.
Your spellcasting is less reliable in this form.
Your armour is entirely melded.
You are incapable of wielding weapons or throwing items.
((You have very sharp teeth.))
Your uncanny sense of smell can sniff out nearby items.
Your experience applies equally to all skills.
You are strong-willed. (Will+)
You expend magic power (3 MP) to strengthen your wands.


Message History

Your transformation is almost over. 2 gnolls and a kobold come into view.
A gnoll is wielding a +2 vorpal flail.
Your horns disappear.
Your talons disappear.
There are monsters nearby!
A gnoll comes into view.
It is wielding a +1 halberd of protection.
The gnoll shouts! x2
Press: ? - help, v - describe, . - travel The floor.
Casting: Beastly Appendage (safe; 3% risk of failure)
Confirm with . or Enter, or press ? or * to list all spells.
You miscast Wereblood.
You are very lightly contaminated with residual magic.
Nothing appears to happen.
The gnoll shouts!
Casting: Wereblood (safe; 5% risk of failure)
Confirm with . or Enter, or press ? or * to list all spells.
The spell is quite dangerous to miscast (21% risk of failure)!
Continue anyway?
You turn into a venomous arachnid creature.
Your +0 robe melds into your body.
A kobold comes into view. It is wielding a +0 club.
The gnoll closely misses you.
You barely miss the gnoll. The gnoll closely misses you.
You hit the gnoll.
The gnoll is poisoned.
The gnoll is moderately wounded.
The gnoll hits you with a +2 vorpal flail!
You hit the gnoll.
The gnoll is heavily wounded.
The gnoll misses you.
You bite the gnoll!
You kill the gnoll!
Your magical contamination has completely faded away.
The gnoll attacks as you move away! The gnoll completely misses you.
Your transformation is almost over.
The kobold hits you with a +0 whip.
Things that are here:
a +2 vorpal flail; a gnoll corpse You closely miss the kobold.
The kobold hits you with a +0 whip.
* * * LOW HITPOINT WARNING * * *
The gnoll hits you with a +0 flail!
You die...

#.# #.# #.# #.#
#. ##.#### #.
... .# #. #K#
.# #. #s# .# #.
#g# .# ##. ∆#g#
.# #.. #.##.#
########.<
#...#...#
#†.....#..
##.###.##
#.####.### #.#
##.####....#.#
# #.#
##.......)#.###
##
#...##.........


You could see 2 gnolls and a kobold.

Vanquished Creatures
  3 gnolls
  2 dart slugs (D:1)
  4 bats (D:1)
  4 endoplasms (D:1)
  3 giant cockroaches
  5 goblins (D:1)
  5 hobgoblins (D:1)
  A quokka (D:1)
  A ball python (D:1)
  2 kobolds (D:1)
  2 rats (D:1)
32 creatures vanquished.

Notes
Turn   | Place    | Note
-------+----------+-------------------------------------------
     0 | D:1      | arthad the Gnoll Transmuter began the quest for the Orb.
     0 | D:1      | Reached XP level 1. HP: 17/17 MP: 6/6
    83 | D:1      | Reached XP level 2. HP: 17/23 MP: 5/7
   382 | D:1      | Reached skill level 5 in Spellcasting
   382 | D:1      | Reached XP level 3. HP: 28/28 MP: 6/9
   386 | D:1      | Reached skill level 1 in Invocations
   429 | D:1      | Gained mutation: You expend magic power (3 MP) to
                  | strengthen your wands. [potion of mutation]
   429 | D:1      | Gained mutation: You are strong-willed. (Will+) [potion of
                  | mutation]
   433 | D:1      | Reached skill level 1 in Short Blades
   433 | D:1      | Reached skill level 1 in Long Blades
   433 | D:1      | Reached skill level 1 in Axes
   433 | D:1      | Reached skill level 1 in Maces & Flails
   433 | D:1      | Reached skill level 1 in Polearms
   433 | D:1      | Reached skill level 1 in Staves
   433 | D:1      | Reached skill level 1 in Ranged Weapons
   433 | D:1      | Reached skill level 1 in Throwing
   433 | D:1      | Reached skill level 1 in Armour
   433 | D:1      | Reached skill level 1 in Stealth
   433 | D:1      | Reached skill level 1 in Shields
   433 | D:1      | Reached skill level 1 in Evocations
   849 | D:1      | Reached XP level 4. HP: 29/34 MP: 11/11
   894 | D:1      | Learned a level 2 spell: Wereblood
   897 | D:1      | Learned a level 2 spell: Static Discharge
   901 | D:1      | Learned a level 3 spell: Spider Form
   953 | D:2      | Slain by a gnoll

Illustrated notes

Levels and vault maps discovered:
D:1:      scummos_arrival_hexagon, layout_loops_ring
D:2:      minmay_general_purpose_star, layout_loops_cross, basic_altar

Skill      XL: |  1  2  3 |
---------------+----------+-----
Spellcasting   | 5 |  5.0
Invocations    | 1 |  1.2
Short Blades   | 1 |  1.1
Long Blades    | 1 |  1.1
Axes           | 1 |  1.1
Maces & Flails | 1 |  1.1
Polearms       | 1 |  1.1
Staves         | 1 |  1.1
Ranged Weapons | 1 |  1.1
Throwing       | 1 |  1.1
Armour         | 1 |  1.1
Stealth        | 1 |  1.1
Shields        | 1 |  1.1
Evocations     | 1 |  1.1
Fighting       | |  2.7
Dodging        | |  4.6
Unarmed Combat | |  6.6
Conjurations   | |  0.8
Hexes          | |  0.8
Summonings     | |  0.8
Necromancy     | |  0.8
Translocations | |  0.8
Transmutations | |  3.8
Fire Magic     | |  0.8
Ice Magic      | |  0.8
Air Magic      | |  0.8
Earth Magic    | |  0.8
Poison Magic   | |  0.8

Action                   |  1- 3 |  4- 6 || total
-------------------------+-------+-------++-------
Melee: Unarmed           |    66 |    10 ||    76
       Kick              |     9 |       ||     9
       Bite              |     5 |     2 ||     7
       Headbutt          |     4 |       ||     4
       Punch             |     2 |       ||     2
 Cast: Beastly Appendage |    11 |     1 ||    12
       Spider Form       |       |     1 ||     1
  Use: Potion            |     3 |       ||     3
 Stab: Sleeping          |     3 |     1 ||     4
Armor: Robe              |    12 |     2 ||    14
       Skin              |     2 |       ||     2
Dodge: Dodged            |    49 |     6 ||    55

Table legend: (Time is in decaauts)
 A = Elapsed time spent in this place.
 B = Non-inter-level travel time spent in this place.
 C = Inter-level travel time spent in this place.
 D = Time resting spent in this place.
 E = Time spent auto-exploring this place.
 F = Levels seen in this place.
 G = Mean time per level.
                   A        B        C        D        E       F      G
               +--------+--------+--------+--------+--------+-----+--------+
         Total |    943 |    943 |      0 |     21 |    729 |   2 |  471.5 |
       Dungeon |    943 |    943 |      0 |     21 |    729 |   2 |  471.5 |
               +--------+--------+--------+--------+--------+-----+--------+

Top non-repeatable levels by time:
     D:1: 895 daAuts
     D:2: 47 daAuts
